 Dungeon Crawl Stone Soup version 0.29.1-1-gd02db6906a (webtiles) character file.

Game seed: 5279484394826786545

2159 Cryoshakespeare the Fighter (level 9, -4/100 HPs)
             Began as an Ogre Transmuter on Oct 17, 2022.
             Was an Initiate of Wu Jian.
             Slain by a wyvern (15 damage)
             ... on level 8 of the Dungeon.
             The game lasted 00:29:25 (9518 turns).

Cryoshakespeare the Fighter (Ogre Transmuter)       Turns: 9518, Time: 00:29:25

Health: -4/100     AC:  2    Str: 20    XL:     9   Next: 31%
Magic:  11/13      EV: 18    Int: 14    God:    Wu Jian [......]
Gold:   537        SH:  0    Dex: 14    Spells: 8/14 levels left

rFire   . . .      SeeInvis .     - Unarmed
rCold   + . .      Faith    .   (shield currently unavailable)
rNeg    . . .      Spirit   .   (body armour currently unavailable)
rPois   x          Reflect  .   (helmet currently unavailable)
rElec   .          Harm     .   (cloak currently unavailable)
rCorr   .          Rampage  .   (gloves unavailable)
Will    .....                   (boots unavailable)
Stlth   +.........              (no amulet)
HPRegen 0.26/turn               p - ring of protection from cold
MPRegen 0.13/turn               v - ring of wizardry

@: spider-form (expiring)
A: venomous fangs, tiny, unfitting armour, (tough skin 1)
a: End Transformation, Renounce Religion


You were on level 8 of the Dungeon.
You worshipped Wu Jian.
Wu Jian was noncommittal.
You were a venomous arachnid creature.
You visited 2 branches of the dungeon, and saw 9 of its levels.
You also visited: Bailey.

You collected 537 gold pieces.

Inventory:

Hand Weapons
 n - a +1 dagger of electrocution
 y - a +0 mace of venom
Missiles
 w - a boomerang of dispersal (quivered)
Armour
 x - a +1 robe of positive energy
 z - +2 steam dragon scales (melded)
Jewellery
 p - a ring of protection from cold (left front leg)
 v - a ring of wizardry (right front leg)
Wands
 t - a wand of roots (6)
 A - a wand of light (10)
Scrolls
 c - a scroll of enchant armour {unknown}
 e - a scroll of poison {unknown}
 f - 2 scrolls of magic mapping
 h - 2 scrolls of vulnerability {unknown}
 k - 4 scrolls of fog
 l - 2 scrolls of immolation
 m - a scroll of enchant weapon {unknown}
 o - 4 scrolls of teleportation {unknown}
 q - a scroll of summoning {unknown}
 r - a scroll of fear {unknown}
 s - a scroll of acquirement {unknown}
Potions
 a - a potion of curing
 b - a potion of lignification
 d - 2 potions of cancellation
 g - 2 potions of attraction
 i - 2 potions of berserk rage
 u - a potion of haste


   Skills:
 * Level 9.5 Fighting
 - Level 0.3 Throwing
 - Level 1.7 Dodging
 + Level 5.5 Unarmed Combat
 - Level 3.1 Spellcasting
 + Level 6.9 Transmutations
 - Level 2.0 Poison Magic


You had 8 spell levels left.
You knew the following spells:

 Your Spells              Type           Power      Damage    Failure   Level
a - Spider Form           Tmut/Pois      14%        N/A       10%         3
b - Beastly Appendage     Tmut           42%        N/A       2%          1
c - Passwall              Tmut/Erth      9%         N/A       9%          2

Your spell library contained the following spells:

 Spells                   Type           Power      Damage    Failure   Level
 Wereblood                Tmut           21%        N/A       3%          2
 Slow                     Hex            8%         N/A       19%         1
 Ensorcelled Hibernation  Hex/Ice        4%         N/A       26%         2
 Scorch                   Fire           4%         2d5       26%         2
 Sublimation of Blood     Necr           2%         N/A       26%         2
 Ice Form                 Ice/Tmut       11%        N/A       34%         4
 Call Canine Familiar     Summ           2%         N/A       41%         3
 Confusing Touch          Hex            2%         N/A       41%         3
 Portal Projectile        Hex/Tloc       4%         N/A       41%         3
 Swiftness                Air            2%         N/A       41%         3
 Vampiric Draining        Necr           2%         2d6       41%         3
 Flame Wave               Conj/Fire      2%         2d4       77%         4
 Leda's Liquefaction      Hex/Erth       1%         N/A       77%         4
 Summon Cactus Giant      Summ           1%         N/A       100%        6
 Summon Hydra             Summ           1%         N/A       100%        7


Dungeon Overview and Level Annotations

Branches:
Dungeon (8/15)             Temple (1/1) D:4          Bailey (visited)
   Lair: D:8-11

Altars:
Ashenzari
Cheibriados
Elyvilon
Gozag
Hepliaklqana
Kikubaaqudgha
Makhleb
Nemelex Xobeh
Okawaru
Qazlal
Ru
Sif Muna
Trog
Uskayaw
Vehumet
Wu Jian
Xom
Yredelemnul
The Shining One

Shops:
D:2 (


Innate Abilities, Weirdness & Mutations

You are a venomous arachnid creature.
You have poisonous fangs.
You are tiny and dextrous.
Your spellcasting is less reliable in this form.
Your armour is entirely melded.
You are incapable of wielding weapons or throwing items.
You are too large for most types of armour.
((You have tough skin. (AC +1)))


Message History

Welcome back to the Dungeon!
The howler monkey howls!
You hear a shout!
The howler monkey hoots and howls with incredible vigour!
The howler monkey hits you.
* * * LOW HITPOINT WARNING * * *
You hear a shout! x2; You hear an angry hiss.
You hear a shout! x3
You hear a bellow!
You hear a shout! x3
There is an empty arch of ancient stone here.
Unknown command.
Unknown command.
Casting: Spider Form (mildly dangerous; 4% risk of failure)
Confirm with . or Enter, or press ? or * to list all spells.
You turn into a venomous arachnid creature.
Your +2 steam dragon scales melds into your body.
The howler monkey barely misses you.
The howler monkey attacks as you move away!
The howler monkey misses you.
Your transformation is almost over.
The howler monkey attacks as you move away!
The howler monkey completely misses you.
A wyvern comes into view.
The howler monkey hits you.
* * * LOW HITPOINT WARNING * * *
An orc comes into view. It is wielding a +0 hand axe.
The howler monkey barely misses you. The howler monkey closely misses you.
The howler monkey attacks as you move away!
The howler monkey hits you.
* * * LOW HITPOINT WARNING * * *
The howler monkey attacks as you move away!
The howler monkey hits you.
* * * LOW HITPOINT WARNING * * *
A yak comes into view.
The wyvern hisses angrily.
An orc comes into view. It is wielding a +0 dagger.
The wyvern hisses menacingly.
The howler monkey hoots and howls with incredible vigour! x2
You hear a bellow!
You hear a roar!
You hear a shout! x7; You hear a howl! x2
An orc comes into view. It is wielding a +0 trident.
The wyvern attacks as you move away! The wyvern bites you!
You die...

#.8....∩....8##.
.............#..
#............?..
....8.....8.....
.#.....8....o#..
####.#.h#...#./
#####.##h..oY..o
#........l....>.
..##...#s.##...#
###..##..##....
#.)[...........
##.))......... .
#[.......#....#
#.#.........###
##....<....#.#
#....####....#
##...####...##


You could see a yak, a wyvern, 2 howler monkeys and 3 orcs.

Vanquished Creatures
  Maggie (D:7)
  A water moccasin (D:6)
  An orc warrior (D:8)
  A sky beast (D:7)
  An ice beast (D:7)
  An ogre (D:5)
  A kobold brigand (D:7)
  A bullfrog (D:3)
  3 scorpions
  10 wights
  A hound (D:7)
  A jelly (D:5)
  4 orc priests
  3 iguanas
  4 orc wizards
  8 adders
  2 shadow imps (D:5)
  2 white imps
  2 ufetubi
  5 dart slugs
  23 orcs
  3 ball pythons
  9 endoplasms
  A giant cockroach (D:3)
  6 goblins
  6 hobgoblins
  16 kobolds
  2 quokkas (D:2)
  8 bats
  3 frilled lizards
  7 rats
137 creatures vanquished.

Notes
Turn   | Place    | Note
-------+----------+-------------------------------------------
     0 | D:1      | Cryoshakespeare the Ogre Transmuter began the quest for the
                  | Orb.
     0 | D:1      | Reached XP level 1. HP: 19/19 MP: 3/3
    98 | D:1      | Reached XP level 2. HP: 27/27 MP: 5/5
   973 | D:2      | Reached XP level 3. HP: 33/33 MP: 6/6
   984 | D:2      | Learned a level 3 spell: Spider Form
   987 | D:2      | Found Seat's Weapon Boutique.
  1539 | D:2      | Found a faded altar of an unknown god.
  1693 | D:2      | Reached XP level 4. HP: 28/41 MP: 3/7
  2324 | D:3      | Reached skill level 1 in Poison Magic
  2324 | D:3      | Reached XP level 5. HP: 34/47 MP: 5/8
  3024 | D:4      | Found a staircase to the Ecumenical Temple.
  3036 | Temple   | Entered the Ecumenical Temple
  3172 | D:4      | Reached skill level 5 in Transmutations
  3172 | D:4      | Reached XP level 6. HP: 30/55 MP: 5/9
  4139 | D:5      | Entered Level 5 of the Dungeon
  4148 | D:5      | Reached skill level 2 in Fighting
  4545 | D:5      | Found a white marble altar of Elyvilon.
  4596 | D:5      | Reached skill level 3 in Fighting
  4596 | D:5      | Reached XP level 7. HP: 59/67 MP: 7/11
  5026 | D:5      | Found a sparkling altar of Nemelex Xobeh.
  5067 | D:6      | Reached skill level 4 in Fighting
  6347 | D:6      | Reached skill level 5 in Fighting
  6668 | D:7      | Reached XP level 8. HP: 71/81 MP: 8/12
  6828 | D:7      | Learned a level 2 spell: Passwall
  6973 | D:7      | Found an ancient bone altar of Kikubaaqudgha.
  7074 | D:7      | Reached skill level 6 in Fighting
  7650 | D:7      | Reached skill level 7 in Fighting
  8164 | D:7      | Reached skill level 8 in Fighting
  8289 | D:7      | Reached skill level 5 in Unarmed Combat
  8338 | D:7      | Found an ornate altar of the Wu Jian Council.
  8339 | D:7      | Found a broken altar of Ashenzari.
  8342 | D:7      | Became a worshipper of the Wu Jian Council
  8455 | D:7      | Reached XP level 9. HP: 65/94 MP: 10/13
  9035 | D:7      | Noticed Maggie
  9055 | D:7      | Killed Maggie
  9056 | D:7      | Reached skill level 9 in Fighting
  9469 | D:8      | Found a flagged portal.
  9477 | Bailey   | Entered a bailey
  9518 | D:8      | Slain by a wyvern

Illustrated notes

Levels and vault maps discovered:
D:1:      saegor_arrival_simple_e, layout_rooms
D:2:      layout_basic, serial_shops, nicolae_shop_crystal,
          basic_ecumenical_altar, chequers_serial_rivers_marsh
D:3:      layout_rooms, minmay_puff
D:4:      layout_loops_ring, minmay_temple_entry_mini_moons,
          kennysheep_crisscross
D:5:      layout_rooms, nemelex_dance_club_becter,
          nicolae_elyvilon_peaceful_grove, grunt_decor_fettered,
          bh_walls_and_bars
D:6:      layout_basic
D:7:      layout_loops_corners, mainiacjoe_overflow_divided_tiny,
          mainiacjoe_overflow_paths, uniq_maggie
D:8:      layout_rooms, enter_bailey_6, uniq_pikel
Temple:   eino_temple_lava

Skill      XL: |  1  2  3  4  5  6  7  8  9 |
---------------+----------------------------+-----
Transmutations | 2 3 4 5 6 |  6.9
Poison Magic   | 1 2 |  2.0
Fighting       | 3 5 8 9 |  9.5
Unarmed Combat | 3 4 5 |  5.5
Spellcasting   | 3 |  3.1
Throwing       | |  0.3
Dodging        | |  1.7

Action                   |  1- 3 |  4- 6 |  7- 9 || total
-------------------------+-------+-------+-------++-------
Melee: Unarmed           |   141 |   181 |   214 ||   536
       Kick              |    13 |     2 |       ||    15
       Headbutt          |     5 |       |       ||     5
       Punch             |     1 |     1 |       ||     2
Throw: Stone             |    11 |       |       ||    11
       Boomerang         |       |       |     3 ||     3
 Cast: Beastly Appendage |    14 |     3 |       ||    17
       Spider Form       |     4 |    18 |    36 ||    58
       Passwall          |       |       |     1 ||     1
Invok: Lunge             |       |       |     5 ||     5
  Use: Scroll            |       |       |     7 ||     7
Armor: Robe              |    47 |    41 |     2 ||    90
       Skin              |       |    10 |     7 ||    17
       Steam dragon scal |       |       |     4 ||     4
Dodge: Dodged            |    82 |   137 |   137 ||   356
